[ AOE2 MATCH · #506292459 ]
UnrankedChinese vs Lithuanians
Player's team · WIN
[ REPLAY ANALYSIS · EXTRACTED FROM THE RECORDED GAME ]
Feudal
9:13
Castle
24:11
Imperial
40:33
| APM avg | 65.6 |
| APM peak | 115 |
| eAPM avg | 33.2 |
| Villagers / military | 97 / 95 |
Focus
⚔️ 38.7% · 🌾 61.3%
Knight ×35 · Archer ×32 · Chu Ko Nu ×18 · Spearman ×4 · Monk ×2 · Skirmisher ×2
Feudal
9:16
Castle
20:58
Imperial
—
| APM avg | 21.6 |
| APM peak | 63 |
| eAPM avg | 16.7 |
| Villagers / military | 99 / 101 |
Focus
⚔️ 42.2% · 🌾 57.8%
Skirmisher ×41 · Leitis ×17 · Knight ×13 · Monk ×11 · Battering Ram ×7 · Militia ×4
Match map
Initial resources + every placement click. Lines = walls · curves = elevation contours. ◆ gold · ⬟ stone · ● berries · ✦ relic · ◌ wall gap
Your base· Open — opponent sealed themselves in
NoDjok's base· ✓ Closed at 20:58 · 47t walls · 1 gate(s)
Smoothed initial terrain · ◌ = detected wall gap · hover for details
Inputs per minute
— ☘ [4:20] ☘ Raperzinho11 - - NoDjok
Build order — ☘ [4:20] ☘ Raperzinho11
First 150 of 280 actions detected
| 0:06 | Research | Loom |
| 0:47 | Queue | Villager (Male) |
| 1:21 | Queue | Villager (Male) |
| 1:21 | Queue | Villager (Male) |
| 1:40 | Queue | Villager (Male) |
| 1:41 | Queue | Villager (Male) |
| 1:57 | Build | Lumber Camp |
| 2:15 | Queue | Villager (Male) |
| 2:16 | Queue | Villager (Male) |
| 2:38 | Queue | Villager (Male) |
| 2:58 | Queue | Villager (Male) |
| 2:59 | Queue | Villager (Male) |
| 3:11 | Build | House |
| 3:12 | Build | House |
| 3:29 | Queue | Villager (Male) |
| 3:56 | Queue | Villager (Male) |
| 3:57 | Queue | Villager (Male) |
| 3:57 | Queue | Villager (Male) |
| 4:25 | Build | Mill |
| 4:54 | Queue | Villager (Male) |
| 4:54 | Queue | Villager (Male) |
| 4:54 | Queue | Villager (Male) |
| 4:54 | Queue | Villager (Male) |
| 5:28 | Queue | Villager (Male) |
| 5:28 | Queue | Villager (Male) |
| 5:28 | Queue | Villager (Male) |
| 5:29 | Queue | Villager (Male) |
| 7:03 | Research | Feudal Age |
| 7:09 | Build | Barracks |
| 8:39 | Queue | Villager (Male) |
| 8:40 | Queue | Villager (Male) |
| 8:45 | Build | Mining Camp |
| 9:13 | Age | Feudal Age |
| 9:15 | Build | Archery Range |
| 9:24 | Queue | Spearman |
| 9:27 | Queue | Spearman |
| 9:55 | Queue | Villager (Male) |
| 10:07 | Build | Archery Range |
| 10:19 | Build | House |
| 10:30 | Queue | Spearman |
| 11:01 | Queue | Archer |
| 11:01 | Queue | Archer |
| 11:01 | Queue | Archer |
| 11:07 | Queue | Villager (Male) |
| 11:25 | Queue | Archer |
| 11:25 | Queue | Archer |
| 11:25 | Queue | Archer |
| 11:31 | Build | Farm |
| 11:31 | Build | Farm |
| 11:31 | Build | Farm |
| 11:36 | Queue | Villager (Male) |
| 11:41 | Build | House |
| 12:20 | Build | Farm |
| 12:20 | Build | Farm |
| 12:24 | Queue | Archer |
| 12:24 | Queue | Archer |
| 12:26 | Queue | Villager (Male) |
| 12:26 | Queue | Villager (Male) |
| 12:32 | Build | House |
| 12:56 | Queue | Villager (Male) |
| 13:00 | Queue | Archer |
| 13:01 | Queue | Archer |
| 13:01 | Queue | Archer |
| 13:01 | Queue | Archer |
| 13:06 | Build | House |
| 13:22 | Build | House |
| 13:32 | Queue | Villager (Male) |
| 13:36 | Build | Farm |
| 14:08 | Build | Blacksmith |
| 14:25 | Queue | Villager (Male) |
| 14:27 | Queue | Archer |
| 14:28 | Queue | Archer |
| 14:32 | Queue | Villager (Male) |
| 14:46 | Queue | Villager (Male) |
| 15:08 | Research | Fletching |
| 15:10 | Queue | Archer |
| 15:11 | Queue | Archer |
| 15:14 | Queue | Villager (Male) |
| 15:22 | Build | Palisade Wall |
| 15:33 | Build | Lumber Camp |
| 15:45 | Queue | Villager (Male) |
| 15:45 | Queue | Villager (Male) |
| 15:45 | Queue | Villager (Male) |
| 16:11 | Queue | Skirmisher |
| 16:12 | Queue | Skirmisher |
| 16:12 | Queue | Archer |
| 16:12 | Queue | Archer |
| 16:13 | Queue | Archer |
| 16:19 | Queue | Villager (Male) |
| 16:24 | Build | House |
| 16:26 | Build | House |
| 16:38 | Build | Mill |
| 17:32 | Queue | Archer |
| 17:32 | Queue | Archer |
| 17:33 | Queue | Archer |
| 17:33 | Queue | Archer |
| 17:33 | Queue | Archer |
| 17:38 | Queue | Archer |
| 17:38 | Queue | Archer |
| 17:38 | Queue | Archer |
| 17:39 | Queue | Archer |
| 17:43 | Queue | Villager (Male) |
| 17:43 | Queue | Villager (Male) |
| 18:02 | Build | Farm |
| 18:02 | Build | Farm |
| 18:02 | Build | Farm |
| 18:03 | Build | Farm |
| 18:42 | Queue | Villager (Male) |
| 18:48 | Build | House |
| 18:51 | Build | House |
| 19:35 | Queue | Villager (Male) |
| 19:36 | Queue | Villager (Male) |
| 19:41 | Build | Market |
| 19:45 | Build | Palisade Wall |
| 19:49 | Build | Mining Camp |
| 19:50 | Queue | Villager (Male) |
| 19:52 | Queue | Archer |
| 19:52 | Queue | Archer |
| 19:52 | Queue | Archer |
| 19:54 | Queue | Archer |
| 20:45 | Queue | Villager (Male) |
| 20:52 | Build | House |
| 21:21 | Build | House |
| 21:24 | Build | House |
| 21:28 | Build | Farm |
| 21:28 | Build | Farm |
| 21:28 | Build | Farm |
| 21:28 | Build | Farm |
| 21:31 | Research | Castle Age |
| 21:51 | Queue | Spearman |
| 22:37 | Research | Padded Archer Armor |
| 22:42 | Build | Farm |
| 22:42 | Build | Farm |
| 22:42 | Build | Farm |
| 22:43 | Build | Farm |
| 22:43 | Build | Farm |
| 22:43 | Build | Farm |
| 23:13 | Queue | Villager (Male) |
| 23:18 | Build | Stable |
| 23:20 | Build | Stable |
| 24:11 | Age | Castle Age |
| 24:24 | Research | Crossbowman (upgrade) |
| 24:25 | Queue | Villager (Male) |
| 24:25 | Queue | Villager (Male) |
| 24:36 | Queue | Knight |
| 24:36 | Queue | Knight |
| 24:36 | Queue | Knight |
| 24:37 | Queue | Knight |
| 24:37 | Queue | Knight |
| 24:52 | Build | Farm |
Build order — NoDjok
First 150 of 281 actions detected
| 0:01 | Queue | Villager (Male) |
| 0:02 | Queue | Villager (Male) |
| 0:02 | Queue | Villager (Male) |
| 0:02 | Queue | Villager (Male) |
| 0:02 | Queue | Villager (Male) |
| 0:03 | Queue | Villager (Male) |
| 0:03 | Queue | Villager (Male) |
| 0:05 | Build | House |
| 0:07 | Build | House |
| 1:26 | Queue | Villager (Male) |
| 1:27 | Queue | Villager (Male) |
| 2:02 | Build | Lumber Camp |
| 2:16 | Queue | Villager (Male) |
| 2:16 | Queue | Villager (Male) |
| 2:53 | Queue | Villager (Male) |
| 3:34 | Queue | Villager (Male) |
| 3:34 | Queue | Villager (Male) |
| 3:34 | Queue | Villager (Male) |
| 3:48 | Build | House |
| 4:12 | Build | Mill |
| 4:54 | Queue | Villager (Male) |
| 4:55 | Queue | Villager (Male) |
| 4:55 | Queue | Villager (Male) |
| 5:00 | Research | Loom |
| 5:57 | Queue | Villager (Male) |
| 5:58 | Research | Loom |
| 6:48 | Build | Barracks |
| 6:54 | Build | House |
| 6:58 | Build | Palisade Wall |
| 7:05 | Research | Feudal Age |
| 7:48 | Build | Mining Camp |
| 7:57 | Queue | Militia |
| 7:57 | Queue | Militia |
| 7:57 | Queue | Militia |
| 8:28 | Queue | Militia |
| 8:42 | Build | House |
| 8:47 | Build | Palisade Wall |
| 8:53 | Build | House |
| 9:16 | Age | Feudal Age |
| 9:17 | Queue | Villager (Male) |
| 9:27 | Research | Man-at-Arms (upgrade) |
| 9:40 | Research | Double-Bit Axe |
| 9:42 | Queue | Villager (Male) |
| 9:45 | Build | Farm |
| 9:55 | Build | House |
| 9:59 | Build | Palisade Wall |
| 10:03 | Build | Palisade Wall |
| 10:12 | Queue | Villager (Male) |
| 10:13 | Queue | Villager (Male) |
| 10:13 | Queue | Villager (Male) |
| 10:16 | Build | Farm |
| 10:25 | Build | Archery Range |
| 10:32 | Build | Palisade Wall |
| 10:39 | Build | Palisade Wall |
| 10:43 | Queue | Villager (Male) |
| 11:07 | Queue | Villager (Male) |
| 11:25 | Queue | Villager (Male) |
| 11:42 | Build | Blacksmith |
| 11:47 | Build | Palisade Wall |
| 11:52 | Queue | Villager (Male) |
| 11:56 | Build | Farm |
| 12:15 | Queue | Skirmisher |
| 12:16 | Queue | Skirmisher |
| 12:18 | Queue | Villager (Male) |
| 12:20 | Build | Farm |
| 12:44 | Queue | Villager (Male) |
| 12:45 | Queue | Villager (Male) |
| 12:50 | Build | Mill |
| 13:12 | Build | Farm |
| 13:29 | Build | Farm |
| 13:40 | Build | Farm |
| 13:46 | Research | Fletching |
| 13:48 | Queue | Villager (Male) |
| 14:27 | Build | Palisade Gate |
| 14:30 | Build | Farm |
| 14:33 | Build | Farm |
| 14:34 | Queue | Villager (Male) |
| 14:34 | Queue | Villager (Male) |
| 14:35 | Queue | Villager (Male) |
| 14:52 | Build | House |
| 14:53 | Build | House |
| 14:54 | Build | House |
| 15:02 | Research | Horse Collar |
| 15:24 | Queue | Archer |
| 15:25 | Queue | Archer |
| 15:36 | Build | Farm |
| 16:12 | Queue | Skirmisher |
| 16:13 | Queue | Villager (Male) |
| 16:13 | Queue | Villager (Male) |
| 16:13 | Queue | Villager (Male) |
| 16:27 | Queue | Skirmisher |
| 16:29 | Queue | Villager (Male) |
| 16:33 | Build | Farm |
| 16:39 | Build | Farm |
| 16:43 | Build | Farm |
| 16:46 | Queue | Villager (Male) |
| 17:15 | Build | House |
| 17:16 | Build | House |
| 17:17 | Build | House |
| 17:36 | Build | Farm |
| 17:45 | Build | Farm |
| 17:47 | Build | Farm |
| 17:55 | Queue | Skirmisher |
| 17:57 | Queue | Villager (Male) |
| 18:17 | Research | Castle Age |
| 18:31 | Build | Mining Camp |
| 19:45 | Queue | Villager (Male) |
| 19:45 | Queue | Villager (Male) |
| 19:50 | Build | Stable |
| 19:57 | Queue | Skirmisher |
| 19:57 | Queue | Skirmisher |
| 20:38 | Research | Bloodlines |
| 20:43 | Queue | Skirmisher |
| 20:44 | Queue | Skirmisher |
| 20:44 | Queue | Skirmisher |
| 20:44 | Queue | Skirmisher |
| 20:58 | Age | Castle Age |
| 21:01 | Build | Lumber Camp |
| 21:09 | Research | Bodkin Arrow |
| 21:28 | Queue | Villager (Male) |
| 21:28 | Queue | Villager (Male) |
| 21:30 | Queue | Knight |
| 21:30 | Queue | Knight |
| 21:33 | Research | Scale Barding Armor |
| 21:35 | Queue | Skirmisher |
| 21:35 | Queue | Skirmisher |
| 21:36 | Queue | Skirmisher |
| 21:50 | Queue | Villager (Male) |
| 21:51 | Queue | Villager (Male) |
| 22:01 | Research | Padded Archer Armor |
| 22:44 | Build | Archery Range |
| 23:42 | Research | Elite Skirmisher (upgrade) |
| 24:17 | Build | Lumber Camp |
| 24:42 | Queue | Villager (Male) |
| 24:42 | Queue | Villager (Male) |
| 24:43 | Queue | Villager (Male) |
| 24:45 | Queue | Skirmisher |
| 24:45 | Queue | Skirmisher |
| 24:47 | Queue | Knight |
| 24:47 | Queue | Knight |
| 25:14 | Queue | Skirmisher |
| 25:14 | Queue | Skirmisher |
| 25:14 | Queue | Skirmisher |
| 25:17 | Queue | Knight |
| 25:17 | Queue | Knight |
| 25:18 | Queue | Villager (Male) |
| 25:19 | Queue | Villager (Male) |
| 25:19 | Queue | Villager (Male) |
| 25:43 | Build | Farm |
| 25:45 | Queue | Villager (Male) |
Match timeline
| 6:48 | NoDjok · first_building Barracks |
| 6:58 | NoDjok · wall_segment Palisade Wall x6 |
| 7:09 | ☘ [4:20] ☘ Raperzinho11 · first_building Barracks |
| 8:47 | NoDjok · wall_segment Palisade Wall x8 |
| 9:13 | ☘ [4:20] ☘ Raperzinho11 · age_up feudal |
| 9:15 | ☘ [4:20] ☘ Raperzinho11 · first_building Archery Range |
| 9:16 | NoDjok · age_up feudal |
| 9:59 | NoDjok · wall_segment Palisade Wall x6 |
| 10:03 | NoDjok · wall_segment Palisade Wall x7 |
| 10:25 | NoDjok · first_building Archery Range |
| 10:32 | NoDjok · wall_segment Palisade Wall x14 |
| 10:39 | NoDjok · wall_segment Palisade Wall x6 |
| 11:47 | NoDjok · wall_segment Palisade Wall x12 |
| 15:22 | ☘ [4:20] ☘ Raperzinho11 · wall_segment Palisade Wall x4 |
| 19:45 | ☘ [4:20] ☘ Raperzinho11 · wall_segment Palisade Wall x8 |
| 19:50 | NoDjok · first_building Stable |
| 20:58 | NoDjok · age_up castle |
| 23:18 | ☘ [4:20] ☘ Raperzinho11 · first_building Stable |
| 24:11 | ☘ [4:20] ☘ Raperzinho11 · age_up castle |
| 25:28 | ☘ [4:20] ☘ Raperzinho11 · first_building Monastery |
| 27:25 | ☘ [4:20] ☘ Raperzinho11 · first_building Castle |
| 27:32 | ☘ [4:20] ☘ Raperzinho11 · first_market_sell 100 wood |
| 27:33 | NoDjok · first_building Castle |
| 30:10 | NoDjok · first_building Monastery |
| 32:58 | NoDjok · first_building Siege Workshop |
| 37:06 | ☘ [4:20] ☘ Raperzinho11 · first_market_buy 100 food |
| 39:23 | NoDjok · first_market_buy 100 stone |
| 40:27 | ☘ [4:20] ☘ Raperzinho11 · wall_segment Palisade Wall x3 |
| 40:33 | ☘ [4:20] ☘ Raperzinho11 · age_up imperial |
| 40:45 | NoDjok · resign |
[ AI ANALYSIS · 1 CREDIT ]
What really happened in this match?
Wolo.gg analyzes every decision: build order, eco, micro, common mistakes by bracket. Personalized analysis on WhatsApp or Discord in 30 seconds.
Civ guide
Chinese
Perfil
☘ [4:20] ☘ Raperzinho11